 Dungeon Crawl Stone Soup version 0.31-a0-931-g7b59d4eb97 (webtiles) character file.

Game seed: 16948110740953625744

207 javelincjr the Trooper (level 5, -1/42 HPs)
             Began as a Demonspawn Gladiator on Oct 19, 2023.
             Slain by an ogre
             ... wielding a +0 giant club
              (8 damage)
             ... on level 4 of the Dungeon.
             The game lasted 00:05:57 (2468 turns).

javelincjr the Trooper (Demonspawn Gladiator)       Turns: 2468, Time: 00:05:58

Health: -1/42      AC: 10    Str: 16    XL:     5   Next: 54%
Magic:  5/5        EV: 12    Int: 10    God:
Gold:   220        SH:  6    Dex: 20    Spells: 4/4 levels left

rFire   . . .        a - +0 trident
rCold   . . .        (no shield)
rNeg    . . .        w - +0 ring mail
rPois   .            n - +0 helmet
rElec   .            r - +2 cloak
rCorr   .            (no gloves)
SInv    .            i - +0 pair of boots
Will    .....        (no amulet)
Stlth   +            g - +6 ring of dexterity
HPRegen 0.27/turn    (no ring)
MPRegen 0.09/turn

%: no passive effects
@: no status effects
A: large bone plates 2
a: no special abilities


You were on level 4 of the Dungeon.
You visited 1 branch of the dungeon, and saw 4 of its levels.

You collected 220 gold pieces.

Inventory:

Hand Weapons
 a - a +0 trident (weapon)
 q - a +3 quarterstaff of chaos
Missiles
 d - a throwing net (quivered)
 e - a javelin
 p - 5 poisoned darts
 t - 2 boomerangs
Armour
 b - a +0 leather armour
 i - a +0 pair of boots (worn)
 n - a +0 helmet (worn)
 r - a +2 cloak (worn)
 w - a +0 ring mail (worn)
Jewellery
 g - a +6 ring of dexterity (left hand)
Wands
 c - a wand of polymorph (9)
 o - a wand of flame (25)
Scrolls
 f - 3 scrolls of teleportation {unknown}
 l - 2 scrolls of noise {unknown}
 s - a scroll of identify {unknown}
 u - 2 scrolls of vulnerability {unknown}
 v - a scroll of poison {unknown}
Potions
 h - 2 potions of curing {unknown}
 j - a potion of experience {unknown}
 k - a potion of magic {unknown}
 m - a potion of resistance {unknown}


   Skills:
 * Level 3.7 Fighting
 + Level 3.3 Polearms
 - Level 2.6 Throwing
 + Level 1.8 Armour
 + Level 3.3 Dodging


You had 4 spell levels left.
You didn't know any spells.
Your spell library contained the following spells:

 Spells                   Type           Power      Damage    Failure   Level
 Magic Dart               Conj           0%         1d3       56%         1
 Summon Small Mammal      Summ           0%         N/A       56%         1
 Searing Ray              Conj           0%         2d4       71%         2
 Call Canine Familiar     Summ           0%         N/A       91%         3
 Summon Guardian Golem    Hex/Summ       0%         N/A       91%         3
 Brom's Barrelling Bould  Conj/Erth      0%         2d3       100%        4
 Fulminant Prism          Conj/Hex       0%         3d5       100%        4
 Fireball                 Conj/Fire      0%         3d3       100%        5
 Iskenderun's Battlesphe  Conj           0%         2d6       100%        5
 Conjure Ball Lightning   Conj/Air       0%         3x3d6     100%        6
 Orb of Destruction       Conj           0%         9d5       100%        7


Dungeon Overview and Level Annotations

Branches:
Dungeon (4/15)
 Temple: D:4-7

Altars:
Nemelex Xobeh

Shops:
D:3 *


Innate Abilities, Weirdness & Mutations

You are mostly covered in large bone plates. (SH +6)


Message History

Reach: a) +0 trident
Press: ? - help, Dir - move target, f/p - ogre
Aim: an ogre, wielding a +0 giant club (entangled in a net, about 6% to evade your +0 trident)
You reach to attack!
You hit the ogre.
The ogre is lightly wounded.
The quokka bites you but does no damage.
The ogre struggles against the net.
Reach: a) +0 trident
Press: ? - help, Dir - move target, f/p - ogre
Aim: an ogre, wielding a +0 giant club (lightly wounded, entangled in a net, about 6% to evade your +0 trident)
You reach to attack!
You barely miss the ogre.
The ogre is lightly wounded.
The quokka bites you but does no damage.
The ogre struggles against the net.
You block the quokka's attack.
The ogre struggles against the net.
The net rips apart, and the ogre comes free!
Reach: a) +0 trident
Press: ? - help, Dir - move target, f/p - ogre
Aim: an ogre, wielding a +0 giant club (lightly wounded, about 23% to evade your +0 trident)
You reach to attack!
You hit the ogre.
The ogre is moderately wounded.
The quokka bites you.
You puncture the ogre! You punch the ogre.
The ogre is severely wounded.
The quokka bites you. The ogre barely misses you.
You hit the ogre but do no damage.
The ogre is severely wounded.
The quokka barely misses you.
The quokka bites you but does no damage.
You hit the ogre but do no damage.
The ogre is severely wounded.
The ogre hits you with a +0 giant club!!
Ouch! That really hurt!
* * * LOW HITPOINT WARNING * * *
The quokka bites you.
* * * LOW HITPOINT WARNING * * *
You hit the ogre.
The ogre is almost dead.
The quokka closely misses you. The ogre hits you with a +0 giant club!
You die...

###########
###..........
.#..........
........... #
#........
###.#.../..
........r######
.......@.$.....
.......O.######
.?.........
.........###
..........
.........##
..........
..........


You could see an ogre and a neutral quokka (wandering).

Vanquished Creatures
  An orc priest (D:3)
  Crazy Yiuf (D:2)
  An orc wizard (D:3)
  3 gnolls (D:2)
  2 adders (D:2)
  6 orcs (D:3)
  6 ball pythons
  8 endoplasms
  2 giant cockroaches
  4 goblins
  8 hobgoblins
  2 jackals (D:1)
  3 quokkas
  5 bats
  4 frilled lizards
  3 kobolds
  10 rats
69 creatures vanquished.

Notes
Turn   | Place    | Note
-------+----------+-------------------------------------------
     0 | D:1      | javelincjr the Demonspawn Gladiator began the quest for the
                  | Orb.
     0 | D:1      | Reached XP level 1. HP: 16/16 MP: 1/1
   116 | D:1      | Gained mutation: You are partially covered in large bone
                  | plates. (SH +4) [demonic ancestry]
   116 | D:1      | Reached XP level 2. HP: 22/22 MP: 2/2
   234 | D:1      | Found a faded altar of an unknown god.
   442 | D:1      | Gained mutation: You are mostly covered in large bone
                  | plates. (SH +6) [demonic ancestry]
   442 | D:1      | Reached XP level 3. HP: 26/28 MP: 3/3
   783 | D:2      | Reached skill level 1 in Armour
   828 | D:2      | Reached XP level 4. HP: 19/34 MP: 4/4
  1388 | D:2      | Found a runed translucent door.
  1389 | D:2      | Noticed Crazy Yiuf
  1400 | D:2      | Killed Crazy Yiuf
  1720 | D:3      | Reached XP level 5. HP: 28/41 MP: 5/5
  1856 | D:3      | Found Zin's Purification Station.
  1966 | D:3      | Found a sparkling altar of Nemelex Xobeh.
  2456 | D:4      | Noticed an ogre
  2468 | D:4      | Slain by an ogre

Illustrated notes

Levels and vault maps discovered:
D:1:      dpeg_arrival_boxorama, layout_basic,
          hellmonk_ecumenical_altar_crossroads, minivault_11
D:2:      layout_basic, wad_floor_pattern_1, kennysheep_generic_room_5,
          uniq_crazy_yiuf_cottage
D:3:      layout_basic, zin_purify, nicolae_overflow_hidden_temple
D:4:      layout_basic, serial_shops, shop, nicolae_book_shop_shelving,
          nicolae_shop_trees, kennysheep_generic_room_2

Skill      XL: |  1  2  3  4 |
---------------+-------------+-----
Throwing       | 2 |  2.6
Polearms       | 3 |  3.3
Dodging        | 3 |  3.3
Armour         | 1 |  1.8
Fighting       | 3 |  3.7

Action                     |  1- 3 |  4- 6 || total
---------------------------+-------+-------++-------
  Melee: Trident           |   118 |    40 ||   158
         Punch             |     1 |     1 ||     2
         Quarterstaff      |       |    62 ||    62
  Throw: Throwing net      |       |     2 ||     2
   Stab: Sleeping          |     3 |     2 ||     5
 Armour: Leather armour    |    43 |    46 ||    89
         Ring mail         |       |    11 ||    11
  Dodge: Dodged            |    68 |    33 ||   101
  Block: Other             |    22 |    26 ||    48

Table legend: (Time is in decaauts)
 A = Elapsed time spent in this place.
 B = Non-inter-level travel time spent in this place.
 C = Inter-level travel time spent in this place.
 D = Time resting spent in this place.
 E = Time spent auto-exploring this place.
 F = Levels seen in this place.
 G = Mean time per level.
                   A        B        C        D        E       F      G
               +--------+--------+--------+--------+--------+-----+--------+
         Total |   2502 |   2430 |     72 |     34 |   1837 |   4 |  625.5 |
       Dungeon |   2502 |   2430 |     72 |     34 |   1837 |   4 |  625.5 |
               +--------+--------+--------+--------+--------+-----+--------+

Top non-repeatable levels by time:
     D:2: 1016 daAuts
     D:3: 776 daAuts
     D:1: 696 daAuts
     D:4: 12 daAuts
